AoeStats
← VZ | YURIEL

Arabia

510927160Analyzed
1v1 RM · 21h ago on Oct 3, 2026· 43m 31s· 2 players
Game mode
Random Map
Map size
Tiny (2 player)
Population
200
Speed
Normal
Resources
Standard
Victory
Conquest
Starting age
Dark Age
Ending age
Imperial Age
RankedLock teamsTeams togetherTeam positionsShared explorationLock speedFull tech treeHidden civsTurbo modeCheats
Victory
Defeat
🇦🇷 Varangians · Argentina
1426
+15
🇲🇽 Bohemians · Mexico
1401
-15
VZ | YURIEL
5:15 Loom
8:36 Feudal Age
9:27 Double-Bit Axe
19:14 Castle Age
18:55 Fletching
19:51 Bodkin Arrow
19:23 Crossbowman
20:49 Fervor
23:19 Horse Collar
27:13 Wheelbarrow
27:01 Pikeman
29:23 Scale Mail Armor
33:31 Imperial Age
32:38 Chemistry
31:59 Ballistics
32:57 Hand Cart
34:13 Bracer
33:35 Arbalester
37:13 Masonry
[PDA] Nicolas II
7:36 Loom
7:39 Loom
10:26 Feudal Age
11:02 Double-Bit Axe
11:00 Horse Collar
12:07 Town Watch
19:02 Castle Age
17:21 Gold Mining
18:22 Bloodlines
20:15 Wheelbarrow
19:52 Bow Saw
20:20 Heavy Plow
23:13 Scale Barding Armor
26:24 Chain Barding Armor
30:02 Forging
33:56 Imperial Age
33:12 Iron Casting
35:21 Plate Barding Armor
35:47 Blast Furnace
34:43 Cavalier
36:07 Husbandry
38:16 Light Cavalry
44:23 Ballistics
45:03 Chemistry
44:10 Siege Engineers
44:00 Murder Holes
Connection lost

Rejoining the realm…

Still unreachable

The connection could not be restored.

Session expired

The server has moved on; the page needs a fresh start.